 Dungeon Crawl Stone Soup version 0.23-a0-171-g5ae17c6 (webtiles) character file.

130 EvilAliv3 the Charlatan (level 4, -1/26 HPs)
             Began as a Deep Elf Artificer on Sept 12, 2018.
             Killed by divine providence
             ... invoked by an orc priest
              (9 damage)
             ... on level 2 of the Dungeon.
             The game lasted 00:12:33 (2332 turns).

EvilAliv3 the Charlatan (Deep Elf Artificer)        Turns: 2332, Time: 00:12:34

Health: -1/26      AC:  3    Str:  9    XL:     4   Next: 90%
Magic:  9/9        EV: 14    Int: 16    God:
Gold:   116        SH:  0    Dex: 16    Spells: 3/3 levels left

rFire    . . .     SeeInvis .   a - +0 short sword
rCold    . . .     Gourm    .   (no shield)
rNeg     . . .     Faith    .   b - +0 leather armour
rPois    .         Spirit   .   (no helmet)
rElec    .         Reflect  .   (no cloak)
rCorr    .         Harm     .   (no gloves)
MR       .....                  (no boots)
Stlth    +.........             (no amulet)
HPRegen  0.08/turn              (no ring)
MPRegen  0.11/turn              (no ring)

@: confused
A: no striking features
a: no special abilities


You were on level 2 of the Dungeon.
You were not hungry.

You visited 1 branch of the dungeon, and saw 3 of its levels.

You collected 116 gold pieces.

Inventory:

Hand Weapons
 a - a +0 short sword (weapon)
Armour
 b - a +0 leather armour (worn)
Jewellery
 l - an uncursed ring of flight {unknown}
 t - an uncursed amulet of guardian spirit {unknown}
Wands
 c - a wand of flame (2)
 d - a wand of enslavement (13)
 e - a wand of random effects (3)
Scrolls
 h - a scroll of identify
 i - a scroll of remove curse
 n - a scroll of amnesia {unknown}
 p - a scroll of teleportation {unknown}
 q - a scroll of enchant armour {unknown}
 s - a scroll of magic mapping {unknown}
Potions
 g - a potion of brilliance {unknown}
 j - a potion of curing {unknown}
 k - 2 potions of agility
 m - a potion of ambrosia
 r - a potion of heal wounds {unknown}
Comestibles
 f - 5 rations
 o - 3 chunks of flesh


   Skills:
 + Level 2.2 Fighting
 - Level 1.0 Short Blades
 + Level 4.1 Dodging
 - Level 1.2 Stealth
 + Level 4.4 Evocations


You had 3 spell levels left.
You didn't know any spells.
Your spell library was empty.

Dungeon Overview and Level Annotations

Branches:
Dungeon (3/15)

Altars:


Message History

Aim: an orc priest, wielding a mace (lightly wounded)
The puff of frost misses the orc priest.
Evoke which item? (* to show all) (? for menu, Esc to quit)
Aiming: Random Effects
Press: ? - help, Shift-Dir - straight line, f/p - orc priest
Aim: an orc priest, wielding a mace (lightly wounded)
The orc priest flickers and vanishes!
Deactivating autopickup; reactivate with Ctrl-A.
Okay, then.
As you read the scroll labeled UTZIECZOKH, it crumbles to dust.
It is a scroll of identify.
k - 2 potions of agility
As you read the scroll labeled WYARPHAIFRA, it crumbles to dust.
You feel blessed for a moment.
It was a scroll of remove curse.
It was a potion of ambrosia.
You are confused.
You feel invigorated.
You hear something invoke the aid of Beogh against you.
Beogh smites you!
You die...

##############
#.......@....#
####.##########.#
#.##.# #.o.#.# #..#.#
#.#.#.# #..#.# #.#.#.#
#..#o# #.#.#.#
######..#(######.#.#.#
........#......o.#o#.#
######.###########o#.#


There were no monsters in sight!

Vanquished Creatures
  Natasha (twice) (D:2)
  A hound zombie (D:2)
  3 adders
  A frilled lizard (D:2)
  A dart slug (D:1)
  2 leopard geckos (D:2)
  A bat zombie (D:2)
  2 giant cockroaches
  A hobgoblin (D:1)
  A bat (D:1)
  A giant cockroach zombie (D:2)
  4 goblins
  A jackal zombie (D:2)
  A leopard gecko zombie (D:2)
  A quokka zombie (D:2)
  5 rats (D:2)
28 creatures vanquished.

Vanquished Creatures (collateral kills)
  An orc (D:2)
1 creature vanquished.

Vanquished Creatures (others)
  An orc priest (D:2)
  An orc (D:2)
2 creatures vanquished.

Grand Total: 31 creatures vanquished

Notes
Turn   | Place    | Note
-------+----------+-------------------------------------------
     0 | D:1      | EvilAliv3 the Deep Elf Artificer began the quest for the
                  | Orb.
     0 | D:1      | Reached XP level 1. HP: 11/11 MP: 5/5
   558 | D:1      | Reached skill level 1 in Fighting
   892 | D:1      | Reached XP level 2. HP: 16/16 MP: 6/6
  1366 | D:2      | Noticed Natasha
  1381 | D:2      | Killed Natasha
  1381 | D:2      | Reached XP level 3. HP: 20/20 MP: 7/7
  1425 | D:2      | Noticed Natasha
  1759 | D:3      | Reached XP level 4. HP: 24/26 MP: 9/9
  1954 | D:2      | Killed Natasha
  2332 | D:2      | Killed from afar by an orc priest

Vault maps used:
D:1:      minmay_arrival_hallway
D:2:      serial_undead, serial_undead_f, serial_undead_a, serial_undead_c,
          serial_undead_b, serial_bayou_crossing, uniq_natasha
D:3:      kennysheep_vampire_church, bh_chokoban, uniq_ijyb

Skill      XL: |  1  2  3  4 |
---------------+-------------+-----
Fighting       | 1 2 |  2.2
Dodging        | 3 4 |  4.1
Evocations     | 4 |  4.4
Short Blades   | |  1.0
Stealth        | |  1.2

Action                   |  1- 3 |  4- 6 || total
-------------------------+-------+-------++-------
Melee: Short sword       |    73 |    31 ||   104
Evoke: Wand              |    15 |    12 ||    27
  Use: Scroll            |       |     2 ||     2
       Potion            |       |     1 ||     1
 Stab: Confused          |     2 |     1 ||     3
  Eat: Chunk             |     2 |     2 ||     4
Armor: Leather armour    |    18 |     7 ||    25
Dodge: Dodged            |    45 |    22 ||    67

Table legend:
 A = Non-vault XP
 B = Vault XP
 C = Vault XP percentage of total XP
 D = Non-vault monster count
 E = Vault monster count
 F = Vault count percentage of total count
                 A         B        C        D         E       F
            +---------+---------+-------+---------+---------+-------
      Total |     128 |      59 |  31.6 |      23 |       7 |  23.3
            +---------+---------+-------+---------+---------+-------
        D:1 |      14 |       0 |   0.0 |       7 |       0 |   0.0
        D:2 |      86 |      59 |  40.7 |      14 |       7 |  33.3
        D:3 |      28 |       0 |   0.0 |       2 |       0 |   0.0
            +---------+---------+-------+---------+---------+-------
